MLB
MEXICO CITY PADRES @ ST. LOUIS CARDINALS
03/04/2042
 
TOP OF THE 1ST
Mexico City Padres batting - Pitching for St. Louis Cardinals : RHP Walt Boisson
Pitching: RHP Walt Boisson
Batting: RHB Germão Risques 0-0: Ball
1-0: Ball
2-0: Ball
3-0: Called Strike
3-1: Foul Ball, location: 5F
3-2: Fly out, F8 (Flyball, 8LXD, EV 103.1 MPH)
Batting: LHB Ángelo Martínez 0-0: Ball
1-0: DOUBLE (Line Drive, 78D, EV 103.8 MPH)
Batting: SHB Tony Hinojosa 0-0: Called Strike
0-1: Ball
1-1: Ball
2-1: Foul Ball, location: 25F
2-2: Ball
3-2: Strikes out looking
Batting: LHB Mario Rosales 0-0: Ball
1-0: Swinging Strike
1-1: DOUBLE (Line Drive, 7LM, EV 101.3 MPH)
Ángelo Martínez scores
Batting: LHB Gene Norman 0-0: Called Strike
Balk!
Mario Rosales to third
0-1: Called Strike
0-2: Strikes out swinging
Top of the 1st over - 1 run, 2 hits, 0 errors, 1 left on base; Mexico City 1 - St. Louis 0
BOTTOM OF THE 1ST
St. Louis Cardinals batting - Pitching for Mexico City Padres : LHP Trey Smith
Pitching: LHP Trey Smith
Batting: RHB José Días 0-0: Ball
1-0: Ball
2-0: Ball
3-0: Foul Ball, location: 23F
3-1: SINGLE (Groundball, 6, EV 90.0 MPH) (infield hit)
Batting: RHB Chris Alexander 0-0: Called Strike
0-1: Grounds into double play, 6-4-3 (Groundball, 6, EV 85.0 MPH)
Batting: SHB Iván Durán 0-0: Called Strike
0-1: Ball
1-1: Swinging Strike
1-2: Strikes out swinging
Bottom of the 1st over - 0 runs, 1 hit, 0 errors, 0 left on base; Mexico City 1 - St. Louis 0
TOP OF THE 2ND
Mexico City Padres batting - Pitching for St. Louis Cardinals : RHP Walt Boisson
Batting: RHB Hikaru Nii 0-0: Ball
1-0: Ball
2-0: Bunt missed!
2-1: Fly out, F3 (Line Drive, 3L, EV 70.0 MPH)
Batting: LHB Rubén Cruz 0-0: Ball
1-0: Swinging Strike
1-1: Swinging Strike
1-2: Foul Ball, location: 2F
1-2: Strikes out swinging
Batting: LHB Greg Younger 0-0: Ball
1-0: Called Strike
1-1: Ball
2-1: Swinging Strike
2-2: Ball
3-2: Fly out, F6 (Popup, 6MD, EV 48.8 MPH)
Top of the 2nd over - 0 runs, 0 hits, 0 errors, 0 left on base; Mexico City 1 - St. Louis 0
BOTTOM OF THE 2ND
St. Louis Cardinals batting - Pitching for Mexico City Padres : LHP Trey Smith
Batting: RHB Sumitomo Nakamura 0-0: Swinging Strike
0-1: Swinging Strike
0-2: Foul Ball, location: 23F
0-2: Ball
1-2: Fly out, F7 (Flyball, 7, EV 88.1 MPH)
Batting: SHB Bob Wright 0-0: Called Strike
0-1: Ball
1-1: Ball
2-1: Called Strike
2-2: Fly out, F9 (Line Drive, 9, EV 86.9 MPH)
Batting: LHB Sexto Córdova 0-0: Ball
1-0: Called Strike
1-1: Ground out 5-3 (Groundball, 15, EV 88.8 MPH)
Bottom of the 2nd over - 0 runs, 0 hits, 0 errors, 0 left on base; Mexico City 1 - St. Louis 0
TOP OF THE 3RD
Mexico City Padres batting - Pitching for St. Louis Cardinals : RHP Walt Boisson
Batting: RHB Orlando Hernández 0-0: Called Strike
0-1: Called Strike
0-2: Strikes out swinging
Batting: RHB Germão Risques 0-0: Ball
1-0: Foul Ball, location: 5F
1-1: Foul Ball, location: 9LMF
1-2: Strikes out swinging
Batting: LHB Ángelo Martínez 0-0: Called Strike
0-1: Ball
1-1: Ball
2-1: Ball
3-1: Base on Balls
Batting: SHB Tony Hinojosa 0-0: Ball
1-0: Swinging Strike
1-1: SINGLE (Line Drive, 3D, EV 95.0 MPH)
Ángelo Martínez to second
Batting: LHB Mario Rosales 0-0: Ball
1-0: Called Strike
1-1: Ball
2-1: Foul Ball, location: 7LSF
2-2: Fly out, F7 (Flyball, 78D, EV 110.6 MPH)
Top of the 3rd over - 0 runs, 1 hit, 0 errors, 2 left on base; Mexico City 1 - St. Louis 0
BOTTOM OF THE 3RD
St. Louis Cardinals batting - Pitching for Mexico City Padres : LHP Trey Smith
Batting: LHB Austin Wates Jr. 0-0: Called Strike
0-1: Ball
1-1: Foul Ball, location: 7LMF
1-2: Ball
2-2: Ground out 6-3 (Groundball, 6, EV 100.6 MPH)
Batting: LHB Les Dufour 0-0: Called Strike
0-1: Ball
1-1: Ball
2-1: Foul Ball, location: 7LMF
2-2: Foul Ball, location: 3SF
2-2: Foul Ball, location: 5FF
2-2: Ball
3-2: Base on Balls
Batting: LHB Tomás Quezada 0-0: Grounds into double play, 6-4-3 (Groundball, 6M, EV 85.6 MPH)
Bottom of the 3rd over - 0 runs, 0 hits, 0 errors, 0 left on base; Mexico City 1 - St. Louis 0
TOP OF THE 4TH
Mexico City Padres batting - Pitching for St. Louis Cardinals : RHP Walt Boisson
Batting: LHB Gene Norman 0-0: Ball
1-0: Foul Ball, location: 25F
1-1: Called Strike
1-2: Ball
2-2: Foul Ball, location: 2F
2-2: Strikes out swinging
Batting: RHB Hikaru Nii 0-0: Fly out, F8 (Flyball, 8RD, EV 105.6 MPH)
Batting: LHB Rubén Cruz 0-0: Foul Ball, location: 5F
0-1: Ball
1-1: Ball
2-1: Called Strike
2-2: Foul Ball, location: 5F
2-2: Strikes out swinging
Top of the 4th over - 0 runs, 0 hits, 0 errors, 0 left on base; Mexico City 1 - St. Louis 0
BOTTOM OF THE 4TH
St. Louis Cardinals batting - Pitching for Mexico City Padres : LHP Trey Smith
Batting: RHB José Días 0-0: Called Strike
SINGLE, rundown, safe at 1st
Pitching: RHP Pat Gardner
Batting: RHB Chris Alexander 0-0: Ball
1-0: Ball
José Días steals 2nd base
2-0: Sac Bunt to 2L - play at first, batter OUT! 2-3
José Días to third
Batting: SHB Iván Durán 0-0: Ball
1-0: Ball
2-0: Foul Ball, location: 2F
2-1: Fly out, F8 (Flyball, 8RM, EV 90.6 MPH)
Runner from 3rd tags up, OUT at HOME! 8-2
Bottom of the 4th over - 0 runs, 1 hit, 0 errors, 0 left on base; Mexico City 1 - St. Louis 0
TOP OF THE 5TH
Mexico City Padres batting - Pitching for St. Louis Cardinals : RHP Walt Boisson
Now at 3B: António Valentín
Batting: LHB Greg Younger 0-0: Ball
1-0: Swinging Strike
1-1: Called Strike
1-2: Ball
2-2: Foul Ball, location: 3FF
2-2: Fly out, F9 (Flyball, 9D, EV 98.1 MPH)
Batting: RHB Orlando Hernández 0-0: Called Strike
0-1: Ball
1-1: Ball
2-1: Fly out, F8 (Flyball, 78D, EV 90.6 MPH)
Batting: RHB Germão Risques 0-0: Foul Ball, location: 2F
0-1: Swinging Strike
0-2: Ball
1-2: Ball
2-2: Fly out, F9 (Flyball, 9LS, EV 85.6 MPH)
Top of the 5th over - 0 runs, 0 hits, 0 errors, 0 left on base; Mexico City 1 - St. Louis 0
BOTTOM OF THE 5TH
St. Louis Cardinals batting - Pitching for Mexico City Padres : RHP Pat Gardner
Pitching: RHP Sean Matthews
Now in CF: Freddy Newton
Batting: RHB Sumitomo Nakamura 0-0: Foul Ball, location: 9LMF
0-1: Ball
1-1: Called Strike
1-2: Ball
2-2: Ball
3-2: Ground out 5-3 (Groundball, 56, EV 93.1 MPH)
Batting: SHB Bob Wright 0-0: Ball
1-0: Called Strike
1-1: Ball
2-1: Fly out, F8 (Line Drive, 8RS, EV 90.0 MPH)
Batting: LHB Sexto Córdova 0-0: SINGLE (Line Drive, 89S, EV 99.4 MPH)
Batting: LHB Austin Wates Jr. 0-0: Ball
1-0: Foul Ball, location: 2F
1-1: Called Strike
1-2: Foul Ball, location: 2F
1-2: Foul Ball, location: 25F
1-2: Strikes out swinging
Bottom of the 5th over - 0 runs, 1 hit, 0 errors, 1 left on base; Mexico City 1 - St. Louis 0
TOP OF THE 6TH
Mexico City Padres batting - Pitching for St. Louis Cardinals : RHP Walt Boisson
Pitching: LHP Whit Nixon
Now in LF: Greg Thompson
Pinch Hitting: LHB Wilson Barrón 0-0: Ground out 5-3 (Groundball, 56S, EV 84.4 MPH)
Batting: SHB Tony Hinojosa 0-0: Ball
1-0: Fly out, F8 (Flyball, 8LD, EV 107.5 MPH)
Pinch Hitting: LHB Steve Morris 0-0: Ball
1-0: Ball
2-0: Called Strike
2-1: Called Strike
2-2: Ball
3-2: Foul Ball, location: 2F
3-2: Ground out 4-3 (Groundball, 4M, EV 83.1 MPH)
Top of the 6th over - 0 runs, 0 hits, 0 errors, 0 left on base; Mexico City 1 - St. Louis 0
BOTTOM OF THE 6TH
St. Louis Cardinals batting - Pitching for Mexico City Padres : RHP Sean Matthews
Pitching: RHP Robinson González
Now in LF: Steve Morris
Now in RF: Wilson Barrón
Batting: LHB Les Dufour 0-0: Ground out U3 (Groundball, 3, EV 89.4 MPH)
Batting: LHB Tomás Quezada 0-0: Called Strike
0-1: Ball
1-1: Ball
2-1: Called Strike
2-2: Ball
3-2: Ground out 5-3 (Groundball, 6, EV 100.6 MPH)
Pinch Hitting: LHB José Esparza 0-0: Swinging Strike
0-1: Ball
1-1: Foul Ball, location: 25F
1-2: Ball
2-2: Strikes out swinging
Bottom of the 6th over - 0 runs, 0 hits, 0 errors, 0 left on base; Mexico City 1 - St. Louis 0
TOP OF THE 7TH
Mexico City Padres batting - Pitching for St. Louis Cardinals : LHP Whit Nixon
Pitching: RHP Leon Worley
Now at 1B: Gilberto García
Now at 2B: Tony Vance
Now in CF: Bob Wright
Now in RF: José Esparza
Batting: LHB Ethan Glenn 0-0: Ball
1-0: Foul Ball, location: 7LMF
1-1: Called Strike
1-2: Foul Ball, location: 9LSF
1-2: Ground out 6-3 (Groundball, 6, EV 85.0 MPH)
Batting: RHB Hikaru Nii 0-0: Foul Ball, location: 9LDF
0-1: Ball
1-1: Ball
2-1: DOUBLE (Line Drive, 89M, EV 98.8 MPH)
Batting: LHB Rubén Cruz 0-0: Ball
1-0: Ground out 4-3 (Groundball, 4, EV 80.0 MPH)
Hikaru Nii to third
Pitching: LHP Víctor Hernández
Batting: LHB Greg Younger 0-0: Ball
1-0: Fly out, F8 (Flyball, 8LXD, EV 100.6 MPH)
Top of the 7th over - 0 runs, 1 hit, 0 errors, 1 left on base; Mexico City 1 - St. Louis 0
BOTTOM OF THE 7TH
St. Louis Cardinals batting - Pitching for Mexico City Padres : RHP Robinson González
Pitching: RHP Kevin Strype
Batting: RHB António Valentín 0-0: Called Strike
0-1: Ball
1-1: Ball
2-1: Foul Ball, location: 23F
2-2: Ball
3-2: Fly out, F9 (Flyball, 9LS, EV 98.1 MPH)
Batting: RHB Ed Chambers 0-0: Ball
1-0: Ball
2-0: Foul Ball, location: 2F
2-1: SINGLE (Groundball, 34D, EV 103.1 MPH)
Batting: RHB Gilberto García 0-0: Ball
1-0: Ball
2-0: Grounds into double play, 5-4-3 (Groundball, 56S, EV 77.5 MPH)
Bottom of the 7th over - 0 runs, 1 hit, 0 errors, 0 left on base; Mexico City 1 - St. Louis 0
TOP OF THE 8TH
Mexico City Padres batting - Pitching for St. Louis Cardinals : LHP Víctor Hernández
Pitching: RHP Steve Foster
Batting: RHB Orlando Hernández 0-0: Called Strike
0-1: Foul Ball, location: 3SF
0-2: Ball
1-2: Ball
2-2: Strikes out swinging
Batting: LHB Freddy Newton 0-0: Foul Ball, location: 25F
0-1: Called Strike
0-2: Ball
1-2: Strikes out swinging
Batting: LHB Wilson Barrón 0-0: Ball
1-0: Ground out U3 (Groundball, 3, EV 81.9 MPH)
Top of the 8th over - 0 runs, 0 hits, 0 errors, 0 left on base; Mexico City 1 - St. Louis 0
BOTTOM OF THE 8TH
St. Louis Cardinals batting - Pitching for Mexico City Padres : RHP Kevin Strype
Batting: SHB Bob Wright 0-0: Ball
1-0: Called Strike
1-1: Called Strike
1-2: Foul Ball, location: 2F
1-2: Ground out 6-3 (Groundball, 6M, EV 98.8 MPH)
Batting: RHB Greg Thompson 0-0: Swinging Strike
0-1: Ball
1-1: SINGLE (Line Drive, 34, EV 93.8 MPH)
Batting: RHB Tony Vance 0-0: Foul Ball, location: 3SF
0-1: Ball
1-1: Called Strike
1-2: Ball
2-2: Fielders Choice at 2nd, 1-6 (Groundball, 13S, EV 76.3 MPH)
Batting: LHB Les Dufour 0-0: Called Strike
0-1: Foul Ball, location: 2F
0-2: Ball
1-2: Ball
2-2: Ground out 1-3 (Groundball, 34S, EV 63.8 MPH)
Bottom of the 8th over - 0 runs, 1 hit, 0 errors, 1 left on base; Mexico City 1 - St. Louis 0
TOP OF THE 9TH
Mexico City Padres batting - Pitching for St. Louis Cardinals : RHP Steve Foster
Pitching: RHP Héctor Martínez
Batting: SHB Tony Hinojosa 0-0: Called Strike
0-1: Fly out, F9 (Flyball, 9D, EV 106.9 MPH)
Batting: LHB Steve Morris 0-0: Foul Ball, location: 25F
0-1: Ball
1-1: Swinging Strike
1-2: Strikes out looking
Batting: LHB Ethan Glenn 0-0: Called Strike
0-1: Ball
1-1: Swinging Strike
1-2: Ball
2-2: Strikes out swinging
Top of the 9th over - 0 runs, 0 hits, 0 errors, 0 left on base; Mexico City 1 - St. Louis 0
BOTTOM OF THE 9TH
St. Louis Cardinals batting - Pitching for Mexico City Padres : RHP Kevin Strype
Pitching: RHP Chun-hua Guo
Pinch Hitting: RHB Joel Farmer 0-0: Swinging Strike
0-1: Foul Ball, location: 23FF
0-2: Ball
1-2: Ball
2-2: Strikes out swinging
Batting: LHB José Esparza 0-0: Ball
1-0: Called Strike
1-1: Called Strike
1-2: Ball
2-2: Ball
3-2: Ground out 6-3 (Groundball, 6, EV 86.3 MPH)
Batting: RHB António Valentín 0-0: Called Strike
0-1: Ball
1-1: Foul Ball, location: 2F
1-2: DOUBLE (Line Drive, 9LM, EV 90.6 MPH)
Batting: RHB Ed Chambers 0-0: Ball
1-0: Ball
2-0: Called Strike
2-1: Called Strike
2-2: Ball
3-2: Strikes out swinging, 2-3 out at first.
Bottom of the 9th over - 0 runs, 1 hit, 0 errors, 1 left on base; Mexico City 1 - St. Louis 0
Friday, May 3rd , 2024 - OOTP Baseball 24.10 Build 82